 Dungeon Crawl Stone Soup version 0.27.0-1-g7a089689b8 (webtiles) character file.

Game seed: 5736607875959930073

63 Naeght the Firebug (level 3, 0/24 HPs)
             Began as a Demonspawn Fire Elementalist on Aug 7, 2021.
             Succumbed to a scorpion's poison
             ... on level 3 of the Dungeon.
             The game lasted 00:08:04 (2005 turns).

Naeght the Firebug (Demonspawn Fire Elementalist)   Turns: 2005, Time: 00:08:05

Health: 0/24       AC:  2    Str:  8    XL:     3   Next: 87%
Magic:  1/6        EV: 12    Int: 17    God:
Gold:   179        SH:  0    Dex: 13    Spells: 2/6 levels left

rFire    . . .     SeeInvis .   e - +0 dagger (venom)
rCold    . . .     Faith    .   (no shield)
rNeg     . . .     Spirit   .   a - +0 robe
rPois    .         Reflect  .   (no helmet)
rElec    .         Harm     .   (no cloak)
rCorr    .         Rampage  .   (no gloves)
Will     .....                  (no boots)
Stlth    ++........             (no amulet)
HPRegen  0.08/turn              (no ring)
MPRegen  0.10/turn              (no ring)

@: brilliant, lethally poisoned (0 -> -14)
A: powered by death 1
a: no special abilities


You were on level 3 of the Dungeon.
You visited 1 branch of the dungeon, and saw 3 of its levels.

You collected 179 gold pieces.

Inventory:

Hand Weapons
 e - a +0 dagger of venom (weapon)
 l - a +0 hunting sling
Missiles
 m - 18 stones
Armour
 a - a +0 robe (worn)
Scrolls
 f - a scroll of enchant armour {unknown}
 h - 2 scrolls of teleportation {unknown}
 i - 2 scrolls of identify {unknown}
 k - a scroll of magic mapping {unknown}
 n - 2 scrolls of enchant weapon {unknown}
Potions
 b - a potion of attraction {unknown}
 c - a potion of heal wounds {unknown}
 g - a potion of curing {unknown}
 j - a potion of haste {unknown}


   Skills:
 + Level 2.2 Dodging
 - Level 2.0 Stealth
 + Level 2.4 Spellcasting
 * Level 2.2 Conjurations
 * Level 3.2 Fire Magic


You had 2 spell levels left.
You knew the following spells:

 Your Spells              Type           Power      Damage    Failure   Level
a - Foxfire               Conj/Fire      68%        2x1d7     6%          1
b - Conjure Flame         Conj/Fire      17%        6-21      19%         3

Your spell library contained the following spells:

 Spells                   Type           Power      Damage    Failure   Level
 Inner Flame              Hex/Fire       11%        N/A       28%         3
 Sticky Flame             Conj/Fire      17%        2d4       52%         4
 Fireball                 Conj/Fire      8%         3d6       86%         5


Dungeon Overview and Level Annotations

Branches:
Dungeon (3/15)

Altars:
Ru

Annotations:
D:3 Grinder


Innate Abilities, Weirdness & Mutations

You regenerate a little health from kills.


Message History

a +0 club; a +0 scale mail You now have 179 gold pieces (gained 11).
A ball python comes into view.
You conjure some foxfire!
The foxfire hits the ball python.
You kill the ball python!
You conjure some foxfire!
Your foxfire dissipates!
Your foxfire dissipates!
A scorpion is nearby!
You conjure some foxfire!
You conjure some foxfire!
The foxfire hits the scorpion but does no damage.
Your foxfire dissipates!
The foxfire hits the scorpion but does no damage.
You conjure some foxfire!
The scorpion barely misses you.
Your foxfire dissipates!
The scorpion stings you. The scorpion stings you.
You conjure some foxfire!
The scorpion stings you!
You are poisoned.
The scorpion poisons you!
You conjure some foxfire!
You feel very sick.
The foxfire hits the scorpion but does no damage. x2
The scorpion stings you.
* * * LOW HITPOINT WARNING * * *
You are more poisoned.
The scorpion poisons you!
* * * LOW HITPOINT WARNING * * *
You feel very sick.
The foxfire hits the scorpion.
The scorpion is lightly wounded.
The scorpion closely misses you.
There is a stone staircase leading up here.
You see here a jackal skeleton.
Okay, then.
It was a potion of brilliance.
You feel clever all of a sudden.
You die...

#### # .... .
#..# .# #
##..##.#.##
#..........
#....§§...#
#...##...##
#.......<..
##v#@#..####
#.###...s####
#......÷.#
#####..#.#
#..#.#
#.#####..#.#
...........#
#######.#..#.#
#.#..#.# #


You could see a scorpion.

Vanquished Creatures
  An adder (D:2)
  2 dart slugs
  8 ball pythons
  5 bats
  4 endoplasms
  6 goblins
  3 hobgoblins (D:1)
  10 jackals
  A quokka (D:1)
  A rat (D:2)
41 creatures vanquished.

Vanquished Creatures (collateral kills)
  5 foxfires (D:1)
5 creatures vanquished.

Vanquished Creatures (others)
  117 foxfires
  6 plants (D:1)
123 creatures vanquished.

Grand Total: 169 creatures vanquished

Notes
Turn   | Place    | Note
-------+----------+-------------------------------------------
     0 | D:1      | Naeght the Demonspawn Fire Elementalist began the quest for
                  | the Orb.
     0 | D:1      | Reached XP level 1. HP: 13/13 MP: 3/3
   216 | D:1      | Found a faded altar of an unknown god.
   250 | D:1      | Gained mutation: You regenerate a little health from kills.
                  | [demonic ancestry]
   250 | D:1      | Reached XP level 2. HP: 19/19 MP: 1/5
   796 | D:1      | Reached skill level 3 in Fire Magic
   866 | D:1      | Reached XP level 3. HP: 24/24 MP: 0/6
   870 | D:1      | Learned a level 3 spell: Conjure Flame
  1644 | D:3      | Noticed a scorpion
  1740 | D:3      | Found a sacrificial altar of Ru.
  1817 | D:3      | Noticed Grinder
  2005 | D:3      | Succumbed to a scorpion's poison

Illustrated notes

Levels and vault maps discovered:
D:1:      dpeg_arrival_ternary, layout_rooms, shapermc_ecumenical_altar_venn,
          serial_bayou_lagoon_b
D:2:      layout_basic
D:3:      layout_loops_ring, lemuel_crystal_altar,
          chequers_serial_rivers_micro_b, kennysheep_generic_room_10,
          uniq_grinder

Skill      XL: |  1  2  3 |
---------------+----------+-----
Stealth        | 2 |  2.0
Dodging        | 2 |  2.2
Fire Magic     | 3 |  3.2
Conjurations   | 2 |  2.2
Spellcasting   | |  2.4

Action                   || total
-------------------------++-------
Melee: Dagger            ||    20
       Club              ||     1
 Cast: Foxfire           ||    86
  Use: Potion            ||     1
Armor: Robe              ||    22
Dodge: Dodged            ||    51
